Map: Ephemeron LE

Players

Nordy - Winner!

  • Race: Zerg Zerg
  • Spawn Location: 11:00

A.I. 1 (Very Easy)

  • Race: Terran Terran
  • Spawn Location: 5:00

VOD

Have the link to the VOD?

Description

Time

  • Played on: Nov. 27, 2019, 6 a.m.
  • Length: 7:20
Show
View Real Time Build Order
Export as new Build Order

Nordy Zerg - Winner!

Build Orders: Hatch First 

Get SALT Encoding   

  12  0:01  Drone  
  13  0:13  Overlord  
  13  0:17  Drone  
  14  0:31  Drone x2  
  14  0:35  Drone  
  17  0:54  Hatchery  
  17  0:55  Drone  
  17  1:09  Spawning Pool  
  16  1:12  Drone  
  16  1:16  Drone  
  18  1:19  Drone  
  18  1:21  Extractor  
  18  1:28  Drone  
  19  1:40  Overlord  
  19  1:56  Queen  
  19  2:00  Drone  
  22  2:05  Queen  
  22  2:07  Drone x2  
  26  2:13  Drone  
  27  2:17  Drone  
  27  2:22  Drone  
  29  2:28  Drone  
  30  2:33  Lair  
  30  2:40  Drone x2  
  30  2:41  Queen  
  34  2:48  Evolution Chamber  
  33  2:52  Drone, Roach Warren  
  33  2:56  Overlord  
  33  2:59  Drone  
  33  3:01  Drone  
  35  3:06  Drone  
  36  3:14  Zerg Missile Weapons Level 1  
  36  3:17  Drone  
  36  3:18  Drone x3  
  40  3:24  Evolution Chamber  
  40  3:25  Drone x2  
  41  3:28  Extractor  
  41  3:30  Extractor  
  39  3:34  Glial Reconstitution  
  39  3:37  Drone x3  
  39  3:38  Drone  
  43  3:42  Overlord  
  43  3:46  Overlord  
  43  4:01  Roach  
  45  4:03  Roach  
  45  4:07  Roach x4  
  55  4:21  Hatchery, Roach  
  55  4:22  Roach  
  58  4:24  Overlord  
  58  4:32  Roach  
  58  4:33  Overlord  
  60  4:44  Roach  
  60  4:45  Roach x3  
  68  4:50  Overlord  
  68  4:51  Overlord  
  68  4:59  Roach  
  74  5:00  Roach x2  
  74  5:06  Drone x2  
  76  5:09  Overlord  
  76  5:11  Drone  
  76  5:12  Drone  
  78  5:17  Drone  
  79  5:29  Hydralisk Den  
  79  5:31  Drone x3  
  79  5:32  Drone x2  
  81  5:37  Drone x2  
  81  5:38  Drone  
  84  5:44  Drone x2  
  86  5:52  Drone x3  
  89  6:01  Drone x2  
  89  6:02  Drone x5  
  96  6:05  Overlord  
  96  6:14  Extractor, Drone x2  
  96  6:15  Extractor  
  96  6:17  Hydralisk x2  
  100  6:21  Hydralisk  
  100  6:22  Overlord  
  102  6:26  Drone x2  
  102  6:31  Overlord  
  102  6:32  Hydralisk x2  
  104  6:37  Hydralisk  
  104  6:38  Extractor, Hydralisk  
  111  6:48  Overlord  
  111  6:51  Hydralisk x2  
  115  6:54  Hatchery  
Show
View Real Time Build Order
Export as new Build Order

A.I. 1 (Very Easy) Terran 

Build Orders: Reaper Expand 

Get SALT Encoding   

  12  0:00  SCV  
  13  0:13  SCV  
  14  0:18  Supply Depot  
  14  0:43  Barracks  
  14  1:04  Command Center  
  14  1:29  Marine  
  14  1:32  Supply Depot, Orbital Command  
  15  1:39  Refinery  
  15  1:50  Refinery  
  15  1:57  SCV  
  16  2:09  SCV  
  17  2:16  SCV  
  17  2:18  Reaper  
  19  2:23  SCV  
  20  2:31  SCV  
  21  2:38  Refinery, SCV  
  22  2:45  SCV  
  23  2:52  SCV  
  24  2:59  SCV  
  24  3:04  Marine  
  26  3:06  SCV  
  27  3:14  SCV  
  28  3:21  SCV  
  28  3:22  Factory  
  29  3:45  Refinery  
  29  3:47  SCV  
  30  3:49  Marine  
  30  3:54  SCV  
  32  4:00  Supply Depot  
  32  4:01  SCV  
  33  4:08  Starport, Barracks Tech Lab  
  33  4:09  SCV  
  34  4:16  SCV  
  35  4:23  SCV  
  36  4:30  SCV  
  37  4:33  Supply Depot  
  37  4:36  Marauder  
  37  4:37  SCV  
  40  4:45  SCV  
  41  4:46  Starport Tech Lab  
  41  4:52  SCV  
  42  4:59  SCV  
  43  5:04  Raven  
  43  5:06  SCV  
  46  5:13  SCV  
  47  5:20  SCV  
  48  5:21  Marauder  
  44  5:40  SCV  
  44  5:41  Supply Depot  
  44  5:47  Raven  
  44  5:48  SCV  
  38  5:50  Hellion  
  38  5:55  SCV  
  33  6:03  SCV  
  33  6:10  SCV  
  21  6:17  SCV  
  18  6:19  Hellion  
  18  6:24  SCV  
  20  6:31  SCV  
  20  6:44  Orbital Command  
  20  6:47  Barracks Tech Lab, Hellion  
  22  7:00  Supply Depot  
Tags
 
Add a new tag
Caveats
  • Supply blocks, unpowered buildings, or Contaminate may cause inaccurate times.
  • Supply counts are checked every 10 seconds.